 Dungeon Crawl Stone Soup version 0.29.0-4-gdea44cf6ec (webtiles) character file.

Game seed: 7738478653791764948

88 qw the Chopper (level 4, 0/26 HPs)
             Began as a Tengu Warper on Aug 29, 2022.
             Slain by a scorpion (6 damage)
             ... on level 4 of the Dungeon.
             The game lasted 00:01:09 (3156 turns).

qw the Chopper (Tengu Warper)                       Turns: 3156, Time: 00:01:09

Health: 0/26       AC:  5    Str: 13    XL:     4   Next: 53%
Magic:  8/8        EV: 15    Int: 14    God:
Gold:   192        SH:  0    Dex: 19    Spells: 7/7 levels left

rFire   . . .      SeeInvis .   Y - +1 hand axe
rCold   . . .      Faith    .   (no shield)
rNeg    . . .      Spirit   .   h - +0 ring mail
rPois   .          Reflect  .   (helmet restricted)
rElec   .          Harm     .   (no cloak)
rCorr   .          Rampage  .   (no gloves)
Will    .....                   (boots unavailable)
Stlth   +.........              (no amulet)
HPRegen 0.08/turn               f - +6 ring of dexterity
MPRegen 0.11/turn               b - +4 ring of evasion

@: no status effects
A: beak, talons 3
a: no special abilities


You were on level 4 of the Dungeon.
You visited 1 branch of the dungeon, and saw 4 of its levels.

You collected 192 gold pieces.


Innate Abilities, Weirdness & Mutations

You have a beak for a mouth.
You have claws for feet.


   Skills:
 - Level 2.0 Fighting
 + Level 5.1 Axes
 - Level 1.0 Throwing
 - Level 1.1 Armour
 - Level 2.1 Dodging
 - Level 2.0 Spellcasting
 - Level 2.4 Translocations


You had 7 spell levels left.
You didn't know any spells.
Your spell library contained the following spells:

 Spells                   Type           Power      Damage    Failure   Level
 Blink                    Tloc           16%        N/A       28%         2
 Gell's Gravitas          Tloc           8%         N/A       50%         3
 Lesser Beckoning         Tloc           8%         N/A       50%         3
 Teleport Other           Tloc           8%         N/A       50%         3
 Manifold Assault         Tloc           8%         N/A       99%         5

Inventory:

Hand Weapons
 i - a +0 whip
 Y - a +1 hand axe (weapon)
Armour
 h - a +0 ring mail (worn)
Jewellery
 b - a +4 ring of evasion (right hand)
 f - a +6 ring of dexterity (left hand)
Scrolls
 e - 3 scrolls of teleportation
Potions
 a - a potion of ambrosia {unknown}
 c - 3 potions of curing
 d - a potion of attraction {unknown}
 g - a potion of haste {unknown}
 j - a potion of flight {unknown}
 n - a potion of might {unknown}

Dungeon Overview and Level Annotations

Branches:
Dungeon (4/15)
 Temple: D:4-7

Altars:
The Shining One

Shops:
D:1 [

Annotations:
D:3 1 runed translucent door, Crazy Yiuf


Message History

There is a stone staircase leading up here.
Existing waypoints: (1) D:2 (2) D:3 Assign waypoint to what number? (0-9, D - delete waypoint) Waypoint 1 re-assigned from D:2 to D:4.
There is a stone staircase leading up here.
An ogre comes into view. It is wielding a +0 giant spiked club.
Found a scroll of teleportation.
The ogre shouts!
You hear an angry hiss.
You hit the ogre. You claw the ogre.
The ogre is moderately wounded.
The ogre barely misses you.
You hit the ogre. You peck the ogre.
The ogre is moderately wounded.
A ball python comes into view.
You barely miss the ogre.
The ogre is moderately wounded.
The ogre misses you.
You slash the ogre!
The ogre is severely wounded.
The ogre hits you with a +0 giant spiked club!!
Ouch! That really hurt!
3154 ||| READING 4 scrolls of teleportation.
As you read the scroll of teleportation, it crumbles to dust.
You feel strangely unstable.
The ball python bites you but does no damage.
The ball python misses you. x2; The ball python completely misses you.
You closely miss the ogre.
The ogre is severely wounded.
You barely miss the ball python. The ogre closely misses you.
The ball python misses you. The ball python completely misses you.
You hit the ogre. You claw the ogre. Your peck misses the ogre.
The ogre is severely wounded.
You hit the ball python.
You kill the ball python!
Your surroundings suddenly seem different.
A dart slug and a scorpion come into view.
Found a falchion and a chain mail.
The scorpion stings you.
You die...

##########
#........##
#..@..)w...
#....s....##
#[...####.####
#.## .# # . ..
.# #. ## . #.
?.#..##


You could see a scorpion and a dart slug (asleep).

Vanquished Creatures
  2 adders (D:3)
  A worm (D:3)
  3 dart slugs
  5 ball pythons
  7 bats
  5 endoplasms
  A giant cockroach (D:1)
  8 goblins
  7 hobgoblins
  5 quokkas
  2 frilled lizards
  6 kobolds
  4 rats
56 creatures vanquished.

Notes
Turn   | Place    | Note
-------+----------+-------------------------------------------
     0 | D:1      | qw the Tengu Warper began the quest for the Orb.
     0 | D:1      | Reached XP level 1. HP: 12/12 MP: 4/4
     0 | D:1      | 0 ||| qw: Version: 0.1-a-89-g26bdef1
     0 | D:1      | 0 ||| qw: Game counter: 3638
     0 | D:1      | 0 ||| qw: Always use a shield: true
     0 | D:1      | 0 ||| qw: God list: Okawaru
     0 | D:1      | 0 ||| qw: Allow faded altars: false
     0 | D:1      | 0 ||| qw: Do Orc after D:15 true
     0 | D:1      | 0 ||| qw: Do second Lair branch before Depths: true
     0 | D:1      | 0 ||| qw: Lair rune preference: random
     0 | D:1      | 0 ||| qw: Plans: Normal
     0 | D:1      | 0 ||| PLANNING D:1-11
    34 | D:1      | Found a faded altar of an unknown god.
   128 | D:1      | 128 ||| Stepping ~*~*~tactically~*~*~ (hiding).
   256 | D:1      | Reached skill level 3 in Axes
   256 | D:1      | Reached XP level 2. HP: 7/17 MP: 6/6
   666 | D:1      | You fall into a shaft and drop 1 floor!
   703 | D:2      | Found a glowing golden altar of the Shining One.
   708 | D:2      | 708 ||| UPGRADING to +0 ring mail.
   718 | D:2      | 718 ||| DROPPING +0 leather armour.
   719 | D:2      | 719 ||| UPGRADING to +6 ring of dexterity.
   720 | D:2      | 720 ||| READING scroll labelled TANTATEOSI.
   721 | D:2      | 721 ||| READING scroll labelled QOIPRI XIARUNE.
   722 | D:2      | 722 ||| DROPPING scroll of blinking.
   783 | D:1      | Found Waczui's Armour Emporium.
   793 | D:1      | 793 ||| SHOPLISTING +0 buckler (45 gold, have 16).
   793 | D:1      | 793 ||| SHOPLISTING +0 chain mail (45 gold, have 16).
   793 | D:1      | 793 ||| SHOPLISTING +0 pair of gloves (45 gold, have 16).
   793 | D:1      | 793 ||| SHOPLISTING +0 ring mail of cold resistance (110
                  | gold, have 16).
   793 | D:1      | 793 ||| SHOPLISTING +1 hat (110 gold, have 16).
  1226 | D:1      | Reached XP level 3. HP: 21/21 MP: 7/7
  1271 | D:1      | 1271 ||| READING scroll labelled FICOX XECHISCH.
  1272 | D:1      | 1272 ||| READING scroll labelled GOTOAG RYKHLIJEISM.
  1378 | D:2      | 1378 ||| Stepping ~*~*~tactically~*~*~ (hiding).
  1389 | D:2      | 1389 ||| FLEEEEING.
  1390 | D:2      | 1390 ||| FLEEEEING.
  1392 | D:2      | 1392 ||| STAIRDANCE
  1507 | D:1      | 1507 ||| READING scroll labelled JEEG GIEGUOSH.
  1508 | D:1      | 1508 ||| READING scroll labelled QAPNOD MAECRU.
  1511 | D:1      | 1511 ||| DRINKING 2 fuming blue potions.
  1703 | D:2      | Reached skill level 4 in Axes
  1823 | D:2      | 1823 ||| DROPPING +0 club.
  1913 | D:2      | 1913 ||| Stepping ~*~*~tactically~*~*~ (stealth).
  1914 | D:2      | 1914 ||| Stepping ~*~*~tactically~*~*~ (stealth).
  2097 | D:2      | 2097 ||| READING scroll labelled WIGHYHODWO.
  2098 | D:2      | 2098 ||| READING scroll labelled XAPNOFRYEL.
  2206 | D:3      | 2206 ||| FLEEEEING.
  2207 | D:3      | 2207 ||| FLEEEEING.
  2208 | D:3      | 2208 ||| FLEEEEING.
  2209 | D:3      | 2209 ||| FLEEEEING.
  2210 | D:3      | 2210 ||| FLEEEEING.
  2211 | D:3      | 2211 ||| FLEEEEING.
  2212 | D:3      | 2212 ||| FLEEEEING.
  2213 | D:3      | 2213 ||| FLEEEEING.
  2216 | D:3      | 2216 ||| FLEEEEING.
  2218 | D:3      | 2218 ||| FLEEEEING.
  2222 | D:3      | 2222 ||| FLEEEEING.
  2227 | D:3      | 2227 ||| FLEEEEING.
  2228 | D:3      | 2228 ||| FLEEEEING.
  2229 | D:3      | 2229 ||| FLEEEEING.
  2230 | D:3      | 2230 ||| FLEEEEING.
  2231 | D:3      | 2231 ||| FLEEEEING.
  2235 | D:3      | 2235 ||| FLEEEEING.
  2236 | D:3      | 2236 ||| STAIRDANCE
  2288 | D:2      | 2288 ||| UPGRADING to +4 ring of evasion.
  2355 | D:3      | 2355 ||| Stepping ~*~*~tactically~*~*~ (stealth).
  2436 | D:3      | 2436 ||| Stepping ~*~*~tactically~*~*~ (stealth).
  2439 | D:3      | Reached XP level 4. HP: 26/26 MP: 8/8
  2686 | D:3      | Found a runed translucent door.
  2687 | D:3      | Noticed Crazy Yiuf
  2828 | D:3      | Reached skill level 5 in Axes
  3010 | D:3      | 3010 ||| READING 3 scrolls labelled GULAUDEJUIJ.
  3011 | D:3      | 3011 ||| READING scroll labelled GIAREB JEUKITH.
  3012 | D:3      | 3012 ||| READING scroll labelled EDIWENT LINU.
  3113 | D:3      | 3113 ||| DROPPING 2 scrolls of vulnerability.
  3149 | D:4      | Noticed an ogre
  3153 | D:4      | HP: 6/26 [ogre/+0 giant spiked club (20)]
  3154 | D:4      | 3154 ||| READING 4 scrolls of teleportation.
  3156 | D:4      | Noticed a scorpion
  3156 | D:4      | Slain by a scorpion

Levels and vault maps discovered:
D:1:      saegor_arrival_simple_a, layout_basic, serial_shops, shop,
          ebering_ecumenical_altar_hall
D:2:      layout_loops_ring, basic_altar
D:3:      minmay_spotlight, layout_rooms, uniq_crazy_yiuf_cottage
D:4:      layout_rooms, grunt_temple_overflow_gold_and_silver, serial_glass,
          glass_columns_a, glass_columns_b, glass_columns_b, glass_columns_c

Skill      XL: |  1  2  3  4 |
---------------+-------------+-----
Axes           | 3 4 5 |  5.1
Fighting       | |  2.0
Throwing       | |  1.0
Armour         | |  1.1
Dodging        | |  2.1
Spellcasting   | |  2.0
Translocations | |  2.4

Action                   |  1- 3 |  4- 6 || total
-------------------------+-------+-------++-------
Melee: Hand axe          |    92 |    36 ||   128
       Kick              |    26 |     6 ||    32
       Peck              |    10 |     5 ||    15
       Punch             |     3 |       ||     3
Throw: Boomerang         |     7 |       ||     7
  Use: Scroll            |     8 |     4 ||    12
       Potion            |     1 |       ||     1
Armor: Ring mail         |    17 |     6 ||    23
       Leather armour    |     5 |       ||     5
Dodge: Dodged            |    56 |    26 ||    82

Table legend:
 A = Non-vault XP
 B = Vault XP
 C = Vault XP percentage of total XP
 D = Non-vault monster count
 E = Vault monster count
 F = Vault count percentage of total count
                 A         B        C        D         E       F
            +---------+---------+-------+---------+---------+-------
      Total |     123 |       5 |   3.9 |      53 |       3 |   5.4
            +---------+---------+-------+---------+---------+-------
        D:1 |      29 |       0 |   0.0 |      15 |       0 |   0.0
        D:2 |      37 |       0 |   0.0 |      20 |       0 |   0.0
        D:3 |      55 |       5 |   8.3 |      17 |       3 |  15.0
        D:4 |       2 |       0 |   0.0 |       1 |       0 |   0.0
            +---------+---------+-------+---------+---------+-------
